 Dungeon Crawl Stone Soup version 0.18.1-50-g88ac8fd (webtiles) character file.

10656 Sabitsuki the Grappler (level 11, -8/109 HPs)
             Began as a Troll Chaos Knight on Sept 29, 2016.
             Mangled by a shock serpent (shapeshifter) (11 damage)
             ... on level 2 of the Lair of Beasts.
             The game lasted 00:36:17 (7952 turns).

Sabitsuki the Grappler (Troll Chaos Knight)         Turns: 7952, Time: 00:36:17

Health: -8/109     AC:  9    Str: 25    XL:     11   Next: 39%
Magic:  10/10      EV: 15    Int:  8    God:    Xom [..*...]
Gold:   645        SH:  0    Dex: 11    Spells: 0 memorised, 10 levels left

rFire  + . .     SeeInvis .       - Unarmed
rCold  . . .     Gourm    +     s - +0 troll leather armour
rNeg   . . .     Faith    .     (no shield)
rPois  .         Spirit   .     (helmet restricted)
rElec  .         Dismiss  +     u - +0 cloak
rCorr  .         Reflect  .     (gloves unavailable)
SustAt .         Harm     .     (boots unavailable)
MR     +....                    W - amulet of dismissal
Stlth  ++........               T - ring of protection from magic
                                q - ring of protection from fire

@: somewhat resistant to hostile enchantments, unstealthy
A: unfitting armour, claws 3, repulsion field 1, agile 1, fast metabolism 3,
gourmand, regeneration 2, shaggy fur 1, tough skin 2
a: Renounce Religion


You were on level 2 of the Lair of Beasts.
You worshipped Xom.
You were a toy of Xom.
You were completely stuffed.

You visited 2 branches of the dungeon, and saw 11 of its levels.
You also visited: Ossuary.

You collected 825 gold pieces.
You spent 180 gold pieces at shops.

Inventory:

Armour
 a - a +2 robe
 s - a +0 troll leather armour (worn)
 u - a +0 cloak (worn)
Rods
 v - a -1 lightning rod (9/9)
   (Xom gifted it to you on level 4 of the Dungeon)
Jewellery
 q - a ring of protection from fire (left claw)
 A - an uncursed ring of teleportation
 T - a ring of protection from magic (right claw)
 W - an amulet of dismissal (around neck)
Wands
 h - a wand of random effects (22/48)
 i - a wand of teleportation (2/9)
 j - a wand of teleportation (3/9)
 w - a wand of random effects (22/48)
 E - a wand of disintegration (6/24)
 J - a wand of disintegration (18/24)
 M - a wand of slowing (30/48)
Scrolls
 d - 10 scrolls of identify
 f - 7 scrolls of teleportation
 g - 2 scrolls of amnesia
 k - a scroll of enchant weapon
 m - 5 scrolls of remove curse
 o - 3 scrolls of fear {unknown}
 p - 3 scrolls of magic mapping {unknown}
 r - 2 scrolls of random uselessness {unknown}
 x - 2 scrolls of recharging {unknown}
 z - 2 scrolls of vulnerability {unknown}
 C - a scroll of torment {unknown}
 G - a scroll of fog {unknown}
 H - 2 scrolls of noise {unknown}
 L - a scroll of enchant armour {unknown}
 Q - a scroll of summoning {unknown}
 R - a scroll of acquirement {unknown}
 Y - a scroll of immolation {unknown}
Potions
 e - 8 potions of curing
 l - 2 potions of heal wounds
 n - 4 potions of brilliance
 t - 2 potions of flight
 B - a potion of agility {unknown}
 D - a potion of lignification {unknown}
 F - 2 potions of ambrosia {unknown}
 I - 3 potions of haste {unknown}
 K - a potion of degeneration {unknown}
 N - a potion of resistance {unknown}
 O - a potion of magic {unknown}
 P - 3 potions of cure mutation
Books
 y - a book of Misfortune

   Spells                             Type                      Level
   a - Confusing Touch                Hexes                        2
   b - Confuse                        Hexes                        3
   c - Gell's Gravitas                Hexes/Translocation          3
   d - Petrify                        Transmutation/Earth          4
   e - Metabolic Englaciation         Hexes/Ice                    5
   f - Yara's Violent Unravelling     Hexes/Transmutation          5
Miscellaneous
 X - a fan of gales
Comestibles
 b - 4 bread rations
 c - 7 meat rations
 S - 15 fruits
 U - 4 chunks of flesh
 V - 6 slices of pizza


   Skills:
 + Level 7.6 Fighting
 + Level 4.5 Armour
 + Level 9.5 Dodging
 + Level 2.4 Stealth
 + Level 9.8 Unarmed Combat


You had 10 spell levels left.
You didn't know any spells.

Dungeon Overview and Level Annotations

Branches:
Dungeon (8/15)             Temple (0/1) D:7            Lair (3/8) D:8
  Swamp: Lair:3-6    Shoals: Lair:3-6     Snake: Lair:3-6    Spider: Lair:3-6

Altars:
Ashenzari
Cheibriados
Dithmenos
Fedhas
Ru
Trog
Xom

Shops:
D:5 [   D:6 ?

Annotations:
Lair:2 Urug


Innate Abilities, Weirdness & Mutations

You are too large for most types of armour.
You have claws for hands.
Your metabolism is lightning-fast.
You like to eat raw meat.
You heal very quickly.
You are covered in fur (AC +1).
You have very tough skin (AC +2).
You are surrounded by a mild repulsion field (EV +2).
You are agile. (Dex +2)


Message History

You claw the shock serpent!
The shock serpent is lightly wounded.
The shock serpent's electric aura discharges, shocking you!
The shock serpent bites you! The shock serpent shocks you!
You closely miss the shock serpent.
The shock serpent is lightly wounded.
The shock serpent shoots out a bolt of lightning at you!
The bolt of electricity hits you! The shock serpent bites you.
* * * LOW HITPOINT WARNING * * *
The shock serpent shocks you!
* * * LOW HITPOINT WARNING * * *
The shock serpent shoots out a bolt of lightning at you!
The bolt of electricity hits you!
* * * LOW HITPOINT WARNING * * *
The shock serpent shoots out a bolt of lightning at you!
The bolt of electricity hits you!
* * * LOW HITPOINT WARNING * * *
The shock serpent bites you!
You die...
Xom cackles wildly!

....+.........##......#
....#.....'...#P......#...... ..
....#.....#........[..##....# ...
.....#.####...##.#....##....##.#.
..............#.#÷######.........
.................................
.................................
........................§........
.....>.........S@................
.................................
...###.##......................#.
...##.##......................#.#
...#....#P....†.......#..........
........#....................##..
...#....##...................# .
....#...........#..............
....###..#......#.....#......P.


You could see a shock serpent shaped shifter.

Vanquished Creatures
  Erolcha (D:8)
  Nergalle (Lair:2)
  Pikel (D:6)
  A black mamba (Lair:1)
  3 spiny frogs
  A rime drake (Lair:1)
  2 komodo dragons (Lair:2)
  4 polar bears (Lair:1)
  A giant leech (D:8)
  3 yaks
  A hungry ghost (D:7)
  A hippogriff (Lair:2)
  2 water moccasins
  An orc warrior (D:8)
  4 porcupines
  2 sky beasts
  An ice beast (D:8)
  A slave (D:6)
  4 black bears (Lair:1)
  A phantom (D:4)
  4 ogres
  2 necrophages (D:5)
  A centaur (D:8)
  5 big kobolds (D:8)
  4 giant frogs
  A gnoll sergeant (D:5)
  6 scorpions
  9 killer bees (D:8)
  A wight (D:8)
  A howler monkey (D:6)
  4 crimson imps
  A quasit (D:8)
  2 giant frog zombies
  5 hounds
  2 orc priests (D:4)
  A jelly (D:7)
  5 orc wizards
  A giant frog skeleton (D:4)
  An iron imp (D:7)
  A centaur skeleton (D:8)
  Ijyb (D:2)
  Natasha (thrice) (D:2)
  An iguana (D:4)
  4 worker ants
  14 sheep
  A hound zombie (D:8)
  9 mummies
  Robin (D:2)
  5 gnolls (D:5)
  6 river rats (Lair:2)
  7 adders
  4 shadow imps
  An adder zombie (D:5)
  An adder skeleton (D:4)
  3 worms
  3 giant geckos
  18 orcs
  A ball python (D:6)
  5 bats
  7 giant cockroaches
  A gnoll zombie (Ossuary)
  17 goblins
  11 hobgoblins
  2 jackals (D:5)
  5 quokkas
  A giant gecko skeleton (D:4)
  9 giant newts
  A hobgoblin zombie (Ossuary)
  15 kobolds
  2 kobold zombies (Ossuary)
  4 orc zombies (Ossuary)
  A quokka zombie (D:5)
  6 rats
  A plant (Lair:2)
264 creatures vanquished.

Vanquished Creatures (collateral kills)
  A giant frog (D:6)
  A centaur zombie (D:6)
  A jelly (D:6)
  An ooze (D:6)
  A quokka (D:6)
5 creatures vanquished.

Vanquished Creatures (others)
  An orc warrior (D:8)
  The ghost of Gottschkopf the Magician, an amateur DEAE (D:3)
  An orc wizard (D:4)
  A plant (Lair:1)
4 creatures vanquished.

Grand Total: 273 creatures vanquished

Notes
Turn   | Place    | Note
--------------------------------------------------------------
     0 | D:1      | Sabitsuki the Troll Chaos Knight began the quest for the Orb.
     0 | D:1      | Reached XP level 1. HP: 22/22 MP: 0/0
    25 | D:1      | XOM: potion effect (might)
   141 | D:1      | Reached XP level 2. HP: 29/29 MP: 1/1
   567 | D:1      | XOM: god gift: 2 white potions
   707 | D:1      | XOM: divination: magic mapping
   751 | D:2      | Noticed Ijyb
   762 | D:2      | Killed Ijyb
   762 | D:2      | Reached XP level 3. HP: 36/36 MP: 2/2
   786 | D:2      | Noticed Natasha
   796 | D:2      | Killed Natasha
   796 | D:2      | Reached XP level 4. HP: 38/44 MP: 3/3
   829 | D:2      | Noticed Natasha
   834 | D:2      | Killed Natasha
   862 | D:2      | Noticed Natasha
   867 | D:2      | Killed Natasha
  1011 | D:2      | Reached XP level 5. HP: 53/53 MP: 4/4
  1026 | D:2      | XOM: harmless Air miscast
  1041 | D:2      | XOM: harmless Erth miscast
  1204 | D:2      | Noticed Robin
  1244 | D:2      | Killed Robin
  1353 | D:2      | XOM: divination: magic mapping
  1388 | D:2      | XOM: harmless Hex miscast
  1553 | D:3      | Found a shadowy altar of Dithmenos.
  1766 | D:3      | Noticed Gottschkopf's ghost (amateur DEAE)
  1769 | D:3      | XOM: cast spell 'Call Canine Familiar'
  1774 | D:3      | Killed Gottschkopf's ghost
  2002 | D:3      | XOM: cast spell 'Hydra Form'
  2024 | D:3      | Found a bloodstained altar of Trog.
  2030 | D:3      | Found a blossoming altar of Fedhas.
  2030 | D:3      | Found a shattered altar of Ashenzari.
  2086 | D:3      | Reached XP level 6. HP: 61/61 MP: 5/5
  2190 | D:3      | XOM is BORED!
  2190 | D:3      | XOM: severe Chrm miscast
  2236 | D:4      | Reached skill level 5 in Unarmed Combat
  2241 | D:4      | XOM: fake destruction
  2255 | D:4      | XOM: enchant monster (good)
  2358 | D:4      | Reached XP level 7. HP: 66/68 MP: 6/6
  2368 | D:4      | XOM: scenery: create altars
  2405 | D:4      | XOM: vitrification
  2455 | D:4      | XOM: god gift: thick jewelled rod {god gift}
  2494 | D:4      | XOM: summons 3 hostile shadow creatures
  2583 | D:4      | XOM: give mutations
  2583 | D:4      | Gained mutation: You have large cloven feet. [Xom's grace]
  2583 | D:4      | Gained mutation: Your muscles are strong. (Str +2) [Xom's grace]
  2631 | D:4      | Lost mutation: Your muscles are strong. (Str +2) [potion of cure mutation]
  2631 | D:4      | Lost mutation: You have large cloven feet. [potion of cure mutation]
  2797 | D:5      | Entered Level 5 of the Dungeon
  2806 | D:5      | Reached skill level 1 in Stealth
  2856 | D:5      | XOM: god gift: hunting sling {god gift}
  2891 | D:5      | XOM: summons friendly shadow imp
  2910 | D:5      | XOM: fake destruction
  2949 | D:5      | Reached skill level 5 in Dodging
  3038 | D:5      | Found Cucvenot's Armour Shoppe.
  3048 | D:5      | Bought a +0 troll leather armour for 180 gold pieces
  3111 | D:5      | XOM: scenery: create altars
  3114 | D:5      | Reached XP level 8. HP: 79/79 MP: 7/7
  3841 | D:5      | XOM: harmless Necr miscast
  3877 | D:6      | Found Laimakuf's Magic Scroll Emporium.
  4015 | D:6      | Reached skill level 5 in Fighting
  4054 | D:6      | XOM: fog
  4102 | D:6      | Reached skill level 1 in Armour
  4179 | D:6      | Found a snail-covered altar of Cheibriados.
  4213 | D:6      | XOM: 2-stop teleportation journey
  4253 | D:6      | Reached XP level 9. HP: 88/88 MP: 8/8
  4353 | D:6      | Noticed Pikel
  4375 | D:6      | Killed Pikel
  4725 | D:7      | XOM: divination: magic mapping
  4730 | D:7      | XOM: fake destruction
  4776 | D:7      | Found a staircase to the Ecumenical Temple.
  4797 | D:7      | XOM: polymorph crimson imp -> iron imp
  4831 | D:7      | Found a sacrificial altar of Ru.
  4865 | D:7      | XOM: divination: detect creatures
  4909 | D:7      | XOM: vitrification
  5087 | D:7      | Found a sand-covered staircase.
  5094 | Ossuary  | Entered an ossuary
  5139 | Ossuary  | XOM: confuse monster(s)
  5212 | Ossuary  | XOM: harmless Fire miscast
  5679 | D:7      | XOM: cast spell 'Necromutation'
  5910 | D:8      | Found a staircase to the Lair.
  5955 | D:8      | XOM: mild Fire miscast
  6031 | D:8      | XOM: confuse monster(s)
  6218 | D:8      | XOM: 8-stop teleportation journey
  6266 | D:8      | Reached XP level 10. HP: 98/98 MP: 9/9
  6318 | D:8      | Noticed Erolcha
  6322 | D:8      | XOM: divination: detect creatures
  6326 | D:8      | Killed Erolcha
  6454 | D:8      | XOM: potion effect (berserk rage)
  6475 | D:8      | XOM: fog
  6513 | D:8      | Noticed a two-headed hydra
  6528 | D:8      | a three-headed hydra changed into a giant leech
  6528 | D:8      | XOM: polymorph three-headed hydra -> giant leech
  6532 | D:8      | XOM: enchant monster (good)
  6579 | D:8      | XOM: give mutations
  6579 | D:8      | Gained mutation: You are agile. (Dex +2) [Xom's grace]
  6579 | D:8      | Gained mutation: You are surrounded by a mild repulsion field (EV +2). [Xom's grace]
  6757 | Lair:1   | Entered Level 1 of the Lair of Beasts
  6757 | Lair:1   | Noticed a spiny frog
  6762 | Lair:1   | Killed a spiny frog
  6764 | Lair:1   | XOM: confuse monster(s)
  6767 | Lair:1   | Noticed a black mamba
  6786 | Lair:1   | Killed a black mamba
  6812 | Lair:1   | Noticed a spiny frog
  6821 | Lair:1   | Killed a spiny frog
  6888 | Lair:1   | XOM: snakes to sticks
  6908 | Lair:1   | XOM: cast spell 'Call Canine Familiar'
  6941 | Lair:1   | Reached XP level 11. HP: 52/109 MP: 10/10
  6985 | Lair:2   | Noticed Nergalle
  6999 | Lair:2   | XOM: potion effect (berserk rage)
  7001 | Lair:2   | XOM: cast spell 'Summon Butterflies'
  7018 | Lair:2   | Killed Nergalle
  7065 | Lair:1   | XOM: smoke on damage
  7348 | Lair:1   | XOM: colour smoke trail
  7414 | Lair:2   | Noticed Urug
  7419 | Lair:2   | XOM: summons friendly shadow imp
  7436 | Lair:2   | XOM: confuse monster(s)
  7548 | Lair:2   | XOM: cast spell 'Spider Form'
  7670 | Lair:2   | XOM: enchant monster (good)
  7825 | Lair:2   | XOM: polymorph komodo dragon -> boulder beetle
  7827 | Lair:2   | XOM: summons 5 hostile demons
  7829 | Lair:2   | XOM: confusion
  7905 | Lair:3   | XOM: harmless Fire miscast
  7934 | Lair:2   | XOM: polymorph boulder beetle -> eye of devastation
  7942 | Lair:2   | Noticed a shock serpent
  7942 | Lair:2   | an eye of devastation changed into a shock serpent
  7950 | Lair:2   | HP: 1/109 [shock serpent (shapeshifter)/bolt of electricity (16)]
  7952 | Lair:2   | Mangled by a shock serpent (shapeshifter)

Skill      XL: |  1  2  3  4  5  6  7  8  9 10 |
---------------+-------------------------------+-----
Dodging        | 2 3 4 5 6 7 9 |  9.5
Unarmed Combat | 4 5 6 7 8 9 |  9.8
Fighting       | 3 4 5 6 7 |  7.6
Stealth        | 1 2 |  2.4
Armour         | 1 3 4 |  4.5

Action                   |  1- 3 |  4- 6 |  7- 9 | 10-12 || total
-------------------------+-------+-------+-------+-------++-------
Melee: Unarmed           |    55 |   179 |   422 |   293 ||   949
       Punch             |       |     3 |    18 |    25 ||    46
  Use: Potion            |       |       |     5 |       ||     5
       Scroll            |       |       |     5 |       ||     5
 Stab: Sleeping          |       |     2 |     2 |     1 ||     5
       Paralysed         |       |       |       |     5 ||     5
  Eat: Chunk             |     8 |    19 |    22 |    25 ||    74
       Meat ration       |       |       |     2 |       ||     2
       Royal jelly       |       |       |     1 |       ||     1
       Pizza             |       |       |     1 |       ||     1
Armor: Robe              |    29 |    58 |    32 |       ||   119
       Skin              |       |     2 |       |       ||     2
       Troll leather arm |       |       |   159 |   137 ||   296
Dodge: Dodged            |    22 |    81 |   310 |   271 ||   684
